 Dungeon Crawl Stone Soup version 0.31-a0-217-g58bb5d79cf (webtiles) character file.

Game seed: 14153856756457125411

58 qw the Shooter (level 4, -1/26 HPs)
             Began as a Gargoyle Hexslinger on July 2, 2023.
             Slain by a gnoll
             ... wielding a +0 spear
              (4 damage)
             ... on level 2 of the Dungeon.
             The game lasted 00:00:28 (1045 turns).

qw the Shooter (Gargoyle Hexslinger)                Turns: 1045, Time: 00:00:28

Health: -1/26      AC:  8    Str: 11    XL:     4   Next: 1%
Magic:  5/5        EV: 10    Int: 14    God:
Gold:   29         SH:  0    Dex: 14    Spells: 4/5 levels left

rFire   + . .        Y - +1 sling
rCold   + . .        (no shield)
rNeg    + . .        l - +0 ring mail
rPois   inf          (no helmet)
rElec   +            k - scarf {rC+ rF+}
rCorr   .            (no gloves)
SInv    .            (no boots)
Will    .....        f - amulet of the acrobat
Stlth   +            (no ring)
HPRegen 0.24/turn    (no ring)
MPRegen 0.09/turn

%: acrobat
@: no status effects
A: sickness immunity, AC +3, negative energy resistance 1, electricity
resistance, torment resistance 1, petrification resistance
a: no special abilities


You were on level 2 of the Dungeon.
You visited 1 branch of the dungeon, and saw 2 of its levels.

You collected 53 gold pieces.
You spent 24 gold pieces at shops.


Innate Abilities, Weirdness & Mutations

You are immune to sickness and miasma.
Your stone body is resilient. (AC +3)
You are immune to poison.
You resist negative energy. (rN+)
You are resistant to electric shocks. (rElec)
You are resistant to unholy torment.
You are immune to petrification.


   Skills:
 - Level 2.1 Fighting
 + Level 3.8 Ranged Weapons
 - Level 1.5 Dodging
 - Level 1.0 Spellcasting
 - Level 2.6 Hexes


You had 4 spell levels left.
You knew the following spells:

 Your Spells              Type           Power      Damage    Failure   Level
a - Slow                  Hex            32%        N/A       22%         1

Your spell library contained the following spells:

 Spells                   Type           Power      Damage    Failure   Level
 Inner Flame              Hex/Fire       4%         N/A       73%         3
 Portal Projectile        Hex/Tloc       8%         N/A       73%         3
 Cause Fear               Hex            4%         N/A       91%         4

Inventory:

Hand Weapons
 Y - a +1 sling (weapon)
Armour
 a - a +0 cloak
 k - a scarf of resistance (worn)
 l - a +0 ring mail (worn)
Jewellery
 f - an amulet of the acrobat (around neck)
Scrolls
 h - a scroll of identify
Potions
 d - a potion of might {unknown}

Dungeon Overview and Level Annotations

Branches:
Dungeon (2/15)

Altars:

Shops:
D:1 *


Message History

You shoot a sling bullet.
The sling bullet closely misses the adder.
The adder bites you but does no damage.
The gnoll hits you from afar with a +0 spear.
The adder bites you but does no damage.
A gnoll comes into view. It is wielding a +1 halberd of flaming.
The gnoll hits you from afar with a +0 spear.
You shoot a sling bullet.
The sling bullet barely misses the adder.
The gnoll shouts!
The adder bites you but does no damage. The gnoll barely misses you.
The adder bites you but does no damage.
You shoot a sling bullet. The sling bullet misses the adder.
The sling bullet hits the gnoll.
The gnoll is moderately wounded.
The adder barely misses you. The gnoll barely misses you.
The gnoll hits you but does no damage. The adder bites you but does no damage.
You shoot a sling bullet.
The sling bullet barely misses the adder.
The sling bullet hits the gnoll.
The gnoll is moderately wounded.
The gnoll hits you from afar with a +0 spear.
The gnoll closely misses you. The adder closely misses you.
The gnoll hits you but does no damage.
The gnoll hits you from afar with a +0 spear.
You shoot a sling bullet. The sling bullet misses the adder.
The sling bullet hits the gnoll.
The gnoll is almost dead.
The adder bites you but does no damage. The gnoll hits you but does no damage.
The gnoll closely misses you. The adder bites you.
You shoot a sling bullet.
The sling bullet closely misses the adder.
The sling bullet hits the gnoll but does no damage.
The gnoll is almost dead.
The adder bites you but does no damage.
The gnoll hits you from afar with a +0 spear.
The gnoll hits you from afar with a +0 spear!
The adder bites you but does no damage.
The gnoll hits you from afar with a +0 spear.
You die...

#.#.#..# )..###.## ...
#.## ##.# ..## ##.###.##
.g. ##.#.## ..## ##.##
...# # #..## ...#
####...###########g..##.#
'...............@Sg.....'
####...###########......#
# #..## #..####
####.##### #.# .........#
.# .###.....# # :#
####..# .# #..#
.######..#


You could see 2 gnolls and an adder.

Vanquished Creatures
  A gnoll (D:2)
  3 adders (D:2)
  2 worms (D:2)
  An endoplasm (D:1)
  A goblin (D:1)
  3 hobgoblins (D:1)
  2 jackals (D:2)
  A kobold (D:1)
  A quokka (D:2)
  A ball python (D:2)
  A rat (D:2)
17 creatures vanquished.

Notes
Turn   | Place    | Note
-------+----------+-------------------------------------------
     0 | D:1      | qw the Gargoyle Hexslinger began the quest for the Orb.
     0 | D:1      | Reached XP level 1. HP: 12/12 MP: 2/2
     0 | D:1      | 0 ||| qw: Version: 0.3-a-40-ge99b1a8
     0 | D:1      | 0 ||| qw: Game counter: 7992
     0 | D:1      | 0 ||| qw: Melee chars always use a shield: true
     0 | D:1      | 0 ||| qw: God list: Okawaru
     0 | D:1      | 0 ||| qw: Allow faded altars: false
     0 | D:1      | 0 ||| qw: Do Orc after clearing Dungeon:15 true
     0 | D:1      | 0 ||| qw: Do second Lair branch before Depths: true
     0 | D:1      | 0 ||| qw: Lair rune preference: random
     0 | D:1      | 0 ||| qw: Goals: Normal
     0 | D:1      | 0 ||| PLANNING D:1-11
   182 | D:1      | Found a faded altar of an unknown god.
   203 | D:1      | Reached XP level 2. HP: 11/16 MP: 3/3
   311 | D:1      | Found Patej's Assorted Antiques.
   322 | D:1      | 322 ||| BUYING bubbling silvery potion (24 gold).
   322 | D:1      | Bought a bubbling silvery potion for 24 gold pieces
   322 | D:1      | 322 ||| SHOPLISTING coppery potion (24 gold, have 11).
   322 | D:1      | 322 ||| SHOPLISTING fizzy white potion (24 gold, have 11).
   322 | D:1      | 322 ||| SHOPLISTING scroll labelled MARPHO UPNIUCEE (27
                  | gold, have 11).
   488 | D:1      | 488 ||| UPGRADING to +0 leather armour.
   498 | D:1      | 498 ||| DROPPING +0 robe.
   499 | D:1      | 499 ||| UPGRADING to scarf of resistance.
   504 | D:1      | 504 ||| UPGRADING to +0 ring mail.
   514 | D:1      | 514 ||| DROPPING +0 leather armour.
   515 | D:1      | 515 ||| UPGRADING to amulet of the acrobat.
   520 | D:1      | 520 ||| READING scroll labelled SOAPNATW VIWK.
   521 | D:1      | 521 ||| READING 2 scrolls labelled MARPHO UPNIUCEE.
   522 | D:1      | 522 ||| READING scroll labelled ZOISHASTRIF.
   526 | D:1      | 526 ||| DRINKING 2 bubbling silvery potions.
   569 | D:1      | 569 ||| DROPPING scroll of poison.
   570 | D:1      | 570 ||| DROPPING potion of lignification.
   612 | D:2      | Reached skill level 3 in Ranged Weapons
   732 | D:2      | Reached XP level 3. HP: 20/20 MP: 4/4
  1036 | D:2      | 1036 ||| Stepping ~*~*~tactically~*~*~ (outnumbered).
  1040 | D:2      | Reached XP level 4. HP: 23/26 MP: 5/5
  1045 | D:2      | HP: 3/26 [gnoll/+0 spear (8)]
  1045 | D:2      | Slain by a gnoll

Levels and vault maps discovered:
D:1:      lemuel_arrival_broad_hall, layout_basic,
          dreamdust_ecumenical_altar_grove, serial_shops, nicolae_lakefront_shop
D:2:      layout_loops_corners

Skill      XL: |  1  2  3 |
---------------+----------+-----
Ranged Weapons | 3 |  3.8
Fighting       | 2 |  2.1
Dodging        | |  1.5
Spellcasting   | |  1.0
Hexes          | |  2.6

Action                     |  1- 3 |  4- 6 || total
---------------------------+-------+-------++-------
   Fire: Sling             |   107 |     6 ||   113
    Use: Scroll            |     3 |       ||     3
         Potion            |     1 |       ||     1
 Armour: Robe              |     1 |       ||     1
         Ring mail         |    30 |    11 ||    41
  Dodge: Dodged            |    48 |     6 ||    54

Table legend:
 A = Non-vault XP
 B = Vault XP
 C = Vault XP percentage of total XP
 D = Non-vault monster count
 E = Vault monster count
 F = Vault count percentage of total count
                 A         B        C        D         E       F
            +---------+---------+-------+---------+---------+-------
      Total |      83 |       0 |   0.0 |      17 |       0 |   0.0
            +---------+---------+-------+---------+---------+-------
        D:1 |      12 |       0 |   0.0 |       6 |       0 |   0.0
        D:2 |      71 |       0 |   0.0 |      11 |       0 |   0.0
            +---------+---------+-------+---------+---------+-------
